AoeStats
← ✪Lucho Jaraツ

Arabia

503284974Analyzed
3v3 RM · 1mo ago on Aug 31, 2026· 47m 52s· 6 players
Game mode
Random Map
Map size
Normal (6 player)
Population
200
Speed
Normal
Resources
Standard
Victory
Conquest
Starting age
Dark Age
Ending age
Imperial Age
RankedLock teamsTeams togetherTeam positionsShared explorationLock speedFull tech treeHidden civsTurbo modeCheats
Victory
Defeat
🇨🇱 Saracens · Chile
1203
+11
🇨🇱 Koreans · Chile
1099
+15
🇨🇱 Poles · Chile
1083
+16
🇬🇹 Lithuanians · Guatemala
1177
-18
🇨🇱 Franks · Chile
1055
-13
🇵🇪 Khmer · Peru
1033
-12
✪Lucho Jaraツ
7:12 Loom
9:40 Feudal Age
14:03 Double-Bit Axe
20:33 Castle Age
22:17 Bloodlines
22:47 Husbandry
23:25 Bow Saw
23:05 Horse Collar
23:17 Gold Mining
24:23 Heavy Plow
30:12 Forging
31:53 Scale Barding Armor
33:12 Wheelbarrow
33:29 Iron Casting
34:18 Chain Barding Armor
33:48 Town Watch
39:57 Imperial Age
37:51 Stone Mining
38:37 Gold Shaft Mining
38:56 Hand Cart
38:43 Treadmill Crane
39:13 Masonry
40:29 Heavy Camel Rider
41:53 Hoardings
43:16 Blast Furnace
42:51 Plate Barding Armor
43:31 Two-Man Saw
44:12 Chemistry
43:33 Ballistics
43:20 Siege Engineers
43:44 Conscription
45:09 Town Patrol
45:54 Elite Mameluke
Lala
11:46 Feudal Age
12:25 Loom
21:35 Castle Age
21:42 Bloodlines
21:48 Forging
21:52 Double-Bit Axe
22:44 Light Cavalry
26:35 Bow Saw
26:16 Horse Collar
29:08 Pikeman
32:23 Heavy Plow
34:00 Wheelbarrow
35:26 Iron Casting
37:01 Hand Cart
37:27 Scale Barding Armor
39:03 Husbandry
39:53 Squires
42:36 Town Watch
42:57 Elite Skirmisher
44:42 Chain Barding Armor
44:48 Fletching
44:59 Padded Archer Armor
45:55 Stone Mining
45:55 Gold Mining
h33posk
7:24 Loom
10:24 Feudal Age
11:15 Double-Bit Axe
12:45 Wheelbarrow
12:10 Horse Collar
19:47 Castle Age
17:59 Fletching
18:19 Gold Mining
20:44 Bodkin Arrow
21:07 Bow Saw
20:37 Crossbowman
23:32 Thumb Ring
24:33 Ballistics
30:26 Wheelbarrow
29:37 Town Watch
29:53 Heavy Plow
32:15 Forging
32:05 Scale Mail Armor
32:31 Squires
36:00 Imperial Age
33:25 Pikeman
34:27 Arson
35:00 Chain Mail Armor
36:05 Arbalester
37:49 Chemistry
38:25 Hand Cart
42:08 Plate Mail Armor
42:18 Town Patrol
42:57 Conscription
43:41 Gold Shaft Mining
42:58 Stone Mining
44:16 Two-Man Saw
43:04 Elite Fire Lancer
45:15 Halberdier
47:09 Shinkichon
ernesto010294
12:19 Feudal Age
25:32 Castle Age
24:35 Double-Bit Axe
25:01 Scale Barding Armor
26:42 Chain Barding Armor
26:25 Husbandry
31:25 Elite Skirmisher
44:37 Wheelbarrow
CazadorGT
6:03 Loom
8:40 Feudal Age
13:00 Forging
14:21 Scale Barding Armor
14:12 Double-Bit Axe
18:20 Town Watch
21:14 Castle Age
19:34 Gold Mining
22:32 Chain Barding Armor
23:26 Bloodlines
23:17 Husbandry
23:20 Horse Collar
25:18 Fervor
28:41 Wheelbarrow
28:52 Iron Casting
32:46 Fletching
38:58 Heavy Plow
39:10 Town Patrol
39:10 Bodkin Arrow
43:48 Imperial Age
41:41 Padded Archer Armor
42:29 Stone Mining
43:55 Cavalier
45:13 Plate Barding Armor
45:56 Heavy Cavalry Archer
46:37 Bracer
rodolfo casas noten¨o
1:42 Loom
9:25 Feudal Age
23:47 Castle Age
22:53 Double-Bit Axe
23:36 Stone Mining
24:20 Forging
26:38 Wheelbarrow
27:25 Bow Saw
27:47 Horse Collar
30:48 Heavy Plow
31:23 Scale Barding Armor
33:04 Gold Mining
35:08 Iron Casting
35:53 Chain Barding Armor
35:45 Crossbowman
38:46 Gold Shaft Mining
38:28 Hand Cart
39:58 Fletching
43:22 Imperial Age
41:43 Bodkin Arrow
42:19 Pikeman
45:29 Blast Furnace
45:59 Sappers
47:16 Scale Mail Armor
Connection lost

Rejoining the realm…

Still unreachable

The connection could not be restored.

Session expired

The server has moved on; the page needs a fresh start.